 Dungeon Crawl Stone Soup version 0.31-a0-544-gceb718ecc6 (webtiles) character file.

Game seed: 6421890871135595702

1734 spiderkeys the Ruffian (level 9, -2/61 HPs)
             Began as an Octopode Shapeshifter on Aug 15, 2023.
             Was an Initiate of Gozag.
             Succumbed to a hornet's poison
             ... while paralysed by a hornet
             ... on level 7 of the Dungeon.
             The game lasted 00:06:23 (4930 turns).

spiderkeys the Ruffian (Octopode Shapeshifter)      Turns: 4930, Time: 00:06:24

Health: -2/61      AC:  1    Str: 16    XL:     9   Next: 5%
Magic:  9/9        EV:  2    Int: 10    God:    Gozag
Gold:   260        SH:  0    Dex: 15    Spells: 8/8 levels left

rFire   . .          .
                       - Unarmed
rCold   . . .        (no shield)
rNeg    . . .        (helmet currently unavailable)
rPois   .            (no amulet)
rElec   .            E - +5 ring of evasion
rCorr   .            v - ring of see invisible
SInv    +            (no ring)
Will    .....        (no ring)
Stlth   ++           (no ring)
HPRegen 0.30/turn    (no ring)
MPRegen 0.11/turn    (no ring)
                     (no ring)

%: no passive effects
@: paralysed, lethally poisoned (-2 -> -15), beast-form, slowed
A: beast (slay +3), almost no armour, amphibious, 8 rings, camouflage 1,
gelatinous body 1, (nimble swimmer 1), tentacles
a: Begin Untransformation, Renounce Religion, Potion Petition, Call Merchant,
Bribe Branch


You were on level 7 of the Dungeon.
You worshipped Gozag.
Gozag was aware of your devotion.
You were a hulking beast.
You visited 2 branches of the dungeon, and saw 8 of its levels.

You collected 394 gold pieces.
You paid 134 gold pieces to Gozag.


Innate Abilities, Weirdness & Mutations

You are a hulking beast.
Your limbs bulge with bestial killing power. (Slay +3)
You cannot wear most types of armour.
You are amphibious.
You can wear up to eight rings at the same time.
Your skin changes colour to match your surroundings (Stealth+).
Your rubbery body absorbs attacks. (AC +1, EV +1)
((You are camouflaged when in or above water. (Stealth+)))
You have tentacles for arms and can constrict up to eight enemies at once.


   Skills:
 + Level 5.6 Fighting
 + Level 5.9 Dodging
 + Level 6.3 Unarmed Combat
 + Level 5.5 Shapeshifting


You had 8 spell levels left.
You didn't know any spells.
Your spell library contained the following spells:

 Spells                   Type           Power      Damage    Failure   Level
 Magic Dart               Conj           0%         1d3       36%         1
 Call Imp                 Summ           0%         N/A       50%         2
 Mephitic Cloud           Conj/Pois/Air  0%         N/A       75%         3
 Ozocubu's Armour         Ice            0%         N/A       75%         3
 Ozocubu's Refrigeration  Ice            0%         4d7       100%        7

Inventory:

Missiles
 d - 81 stones
Jewellery
 v - a ring of see invisible (right tentacle)
   (You found it on level 4 of the Dungeon)
 E - a +5 ring of evasion (left tentacle)
   (You found it on level 1 of the Dungeon)
 F - a ring of fire
   (You found it on level 3 of the Dungeon)
 T - an amulet of faith {!P}
   (You found it on level 6 of the Dungeon)
Talismans
 b - a beast talisman (active)
 c - a flux talisman
Scrolls
 f - a scroll of immolation {!r!r}
 h - 2 scrolls of vulnerability {!r!r}
 k - a scroll of enchant weapon
 l - 4 scrolls of teleportation {@r4}
 o - 2 scrolls of identify {@r1}
 p - a scroll of amnesia
 t - a scroll of revelation {unknown}
Potions
 a - a potion of lignification {!q}
 e - 2 potions of curing {unknown}
 g - a potion of brilliance {unknown}
 i - a potion of magic {unknown}
 j - 5 potions of heal wounds {@q2}
 m - a potion of invisibility {unknown}
 n - 2 potions of haste {unknown}
 q - 2 potions of mutation {unknown}
 r - a potion of might {unknown}
 s - a potion of enlightenment {unknown}

Dungeon Overview and Level Annotations

Branches:
Dungeon (7/15) Zot: 26948  Temple (1/1) D:5 Zot: 5981

Altars:
Ashenzari
Cheibriados
Elyvilon
Fedhas
Gozag
Hepliaklqana
Makhleb
Nemelex Xobeh
Okawaru
Qazlal
Sif Muna
Wu Jian
Xom
Yredelemnul
The Shining One

Annotations:
D:6 2 runed translucent doors, arthad's ghost, novice FoFi

#...)..............
#..................
#..................
#......_...........
#..................
######..................
........########+#####..
........# .. .......h#
.. .......y# . #######..
#... +.... #.....
##..... .....#


You could see a hornet.


Message History

You bludgeon the hound! You tentacle-slap the hound.
Your squeeze misses the hound. You constrict the hound.
The hound closely misses you. x2
You tentacle-slap the hound.
You kill the hound!
No target in view!
You open the door.
There is an open door here.
You open the door.
There is an open door here.
Key pressed, stopping explore.
Key pressed, stopping explore.
You see here a scroll of noise {!r}.
Key pressed, stopping explore.
The bullfrog croaks. 😎 HP[+2]
Your hp is fully restored (61).
No reachable target in view!
No reachable target in view!
No reachable target in view!
There is a stone staircase leading up here.
There is a stone staircase leading down here.
You climb downwards.
You hear the roar of battle.
There is an entrance to a bailey on this level.
Hurry and find it before the portal closes forever!
There is a stone staircase leading up here.
As you read the scroll of identify {@r1}, it crumbles to dust.
p - a scroll of amnesia A hound comes into view.
Found 2 gold pieces.
Found an opulent altar of Gozag.
You see here a scroll labelled JIEBUR JEASAY.
t - a scroll labelled JIEBUR JEASAY A shadow imp comes into view.
You see here a gold piece.
There is an opulent altar of Gozag here.
The shadow imp shouts, "Return whence thou came, thou pribbling dizzy-eyed mammet!"
You see here a gold piece.
Unknown command.
There is an opulent altar of Gozag here.
You curl up in front of the altar of Gozag.
Gozag welcomes you!
You pay a service fee of 134 gold.
You bludgeon the shadow imp! You grab the shadow imp.
You squeeze the shadow imp, but do no damage.
You constrict the shadow imp.
You kill the shadow imp!
No target in view!
You now have 253 gold pieces (gained 8).
You now have 254 gold pieces (gained 1).
You hear a distant slurping noise.
You now have 255 gold pieces (gained 1).
You now have 256 gold pieces (gained 1).
You hear a distant slurping noise.
You now have 257 gold pieces (gained 1).
You now have 258 gold pieces (gained 1).
You now have 259 gold pieces (gained 1).
You now have 260 gold pieces (gained 1).
A hornet comes into view.
The hornet buzzes angrily.
You tentacle-slap the hornet but do no damage.
Your grab misses the hornet. The hornet closely misses you.
The hornet misses you.
You bludgeon the hornet! Your grab misses the hornet.
Your squeeze misses the hornet. The hornet stings you!
You are poisoned.
You feel yourself slow down. 😕 HP[-14]
You take 14 damage, and now have 47/61 hp.
MASSIVE DAMAGE!! (PAUSE)
Okay, then.
You miss the hornet. Your grab misses the hornet. You squeeze the hornet!
You feel very sick. The hornet closely misses you. The hornet stings you!
* * * LOW HITPOINT WARNING * * *
You feel as though you will be slow longer. 😨 HP[-19]
You take 19 damage, and now have 28/61 hp.
MASSIVE DAMAGE!! (PAUSE)
You closely miss the hornet. You grab the hornet.
You constrict the hornet, but do no damage.
You feel sick. The hornet misses you. The hornet stings you!
* * * LOW HITPOINT WARNING * * *
You feel as though you will be slow longer. 😱 HP[-13]
You take 13 damage, and now have 15/61 hp.
MASSIVE DAMAGE!! (PAUSE) It was a potion of heal wounds.
You feel much better.
You hear the faint creaking of a very distant portcullis.
You constrict the hornet, but do no damage.
You feel sick. The hornet completely misses you. The hornet stings you.
You suddenly lose the ability to move!
You lose your grip on the hornet.
You feel sick. The hornet stings you!
* * * LOW HITPOINT WARNING * * *
You feel as though you will be slow longer.
The hornet stings you!
* * * LOW HITPOINT WARNING * * *
You are more poisoned.
You feel as though you will be slow longer.
You die...
Your body crumbles into a pile of gold.

Skill      XL: |  1  2  3  4  5  6  7  8 |
---------------+-------------------------+-----
Fighting       | 2 3 4 5 |  5.6
Dodging        | 3 4 5 |  5.9
Unarmed Combat | 4 5 6 |  6.3
Shapeshifting  | 4 5 |  5.5

Action                     |  1- 3 |  4- 6 |  7- 9 || total
---------------------------+-------+-------+-------++-------
  Melee: Unarmed           |    56 |    68 |   139 ||   263
         Constrict         |    16 |    21 |    40 ||    77
         Tentacles         |    10 |    18 |    41 ||    69
         Punch             |     2 |     1 |     6 ||     9
    Use: Scroll            |       |     7 |     2 ||     9
         Potion            |       |       |     1 ||     1
   Stab: Sleeping          |     3 |     7 |     4 ||    14
         Distracted        |       |       |     1 ||     1
 Armour: Skin              |     2 |     3 |     5 ||    10
  Dodge: Dodged            |    28 |    58 |   109 ||   195

Levels and vault maps discovered:
D:1:      mainiacjoe_arrival_reflecting_pool, layout_loops_ring,
          basic_ecumenical_altar, minmay_domino_4
D:2:      minmay_angry_zag, layout_basic, minmay_gold_behind_fungi,
          kennysheep_generic_room_13, uniq_crazy_yiuf_cottage, uniq_natasha,
          uniq_sigmund
D:3:      minmay_general_purpose_star, layout_basic, elyvilon_altar_1,
          mainiacjoe_overflow_divided_tiny
D:4:      layout_rooms, serial_undead, serial_undead_d, serial_undead_c,
          serial_undead_b, serial_undead_e, serial_undead_b, serial_undead_c,
          minivault_23
D:5:      layout_rooms, okawaru_metal_pillars_1_2,
          mainiacjoe_overflow_small_starburst, minmay_temple_entry_purple_smoke
D:6:      layout_basic, ebering_ghost_sewer_f
D:7:      layout_gridville, nicolae_gozag_seed_capital, serial_shops, shop,
          enter_bailey_4, minmay_misc_feat_tiny, nicolae_grassy_gnolls,
          uniq_menkaure
Temple:   dpeg_three_leaves_temple

Notes
Turn   | Place    | Note
-------+----------+-------------------------------------------
     0 | D:1      | spiderkeys the Octopode Shapeshifter began the quest for
                  | the Orb.
     0 | D:1      | Reached XP level 1. HP: 13/13 MP: 1/1
     0 | D:1      | magus.rc [v1.11.6]
   219 | D:1      | Reached XP level 2. HP: 15/18 MP: 2/2
   273 | D:1      | Found a faded altar of an unknown god.
   349 | D:1      | You add the spells Magic Dart, Call Imp and Mephitic Cloud
                  | to your library.
   389 | D:1      | Reached XP level 3. HP: 23/23 MP: 3/3
   818 | D:2      | Reached skill level 2 in Fighting
   829 | D:2      | Reached XP level 4. HP: 24/29 MP: 4/4
  1334 | D:2      | Found a runed translucent door.
  1335 | D:2      | Noticed Crazy Yiuf
  1387 | D:2      | Noticed Sigmund
  1390 | D:2      | Noticed Natasha
  1398 | D:2      | Killed Sigmund
  1399 | D:2      | Reached skill level 3 in Dodging
  1399 | D:2      | Reached skill level 4 in Unarmed Combat
  1399 | D:2      | Reached XP level 5. HP: 16/36 MP: 5/5
  1399 | D:2      | Reached XP level 6. HP: 18/41 MP: 6/6
  1403 | D:2      | Killed Natasha
  1404 | D:2      | Reached skill level 3 in Fighting
  1785 | D:2      | Noticed Natasha
  1789 | D:2      | Killed Natasha
  1828 | D:2      | Killed Crazy Yiuf
  1909 | D:2      | Noticed Natasha
  1914 | D:2      | Killed Natasha
  1915 | D:2      | Reached skill level 4 in Shapeshifting
  2107 | D:3      | Found a shimmering altar of Xom.
  2108 | D:3      | Found a glowing golden altar of the Shining One.
  2627 | D:3      | Found a white marble altar of Elyvilon.
  2747 | D:4      | Reached skill level 4 in Dodging
  2747 | D:4      | Reached XP level 7. HP: 35/46 MP: 7/7
  2796 | D:4      | You add the spells Ozocubu's Armour and Ozocubu's
                  | Refrigeration to your library.
  3045 | D:5      | Entered Level 5 of the Dungeon
  3050 | D:5      | Reached skill level 4 in Fighting
  3050 | D:5      | Reached skill level 5 in Unarmed Combat
  3165 | D:5      | Found a shimmering blue altar of Sif Muna.
  3208 | D:5      | Found an iron altar of Okawaru.
  3299 | D:5      | Found a staircase to the Ecumenical Temple.
  3312 | Temple   | Entered the Ecumenical Temple
  3496 | D:5      | Reached XP level 8. HP: 50/54 MP: 8/8
  3805 | D:6      | Found a runed translucent door.
  3810 | D:6      | Reached skill level 5 in Dodging
  3893 | D:6      | Found a runed translucent door.
  3898 | D:6      | Noticed arthad's ghost (novice FoFi)
  3974 | D:6      | Reached skill level 5 in Shapeshifting
  3981 | D:6      | Reached skill level 5 in Fighting
  4111 | D:6      | Reached skill level 6 in Unarmed Combat
  4547 | D:6      | Reached XP level 9. HP: 53/61 MP: 9/9
  4887 | D:7      | Found an opulent altar of Gozag.
  4899 | D:7      | Became a worshipper of Gozag Ym Sagoz the Greedy
  4922 | D:7      | Noticed a hornet
  4927 | D:7      | HP: 15/61 [hornet (11)]
  4928 | D:7      | Paralysed by a hornet for 3 turns
  4929 | D:7      | HP: 1/61 [hornet (13)]
  4930 | D:7      | Succumbed to a hornet's poison

Vanquished Creatures
  Sigmund (D:2)
  A water moccasin (D:5)
  An ogre (D:6)
  A phantom (D:4)
  2 bullfrogs (D:6)
  2 scorpions
  7 wights (D:6)
  2 howler monkeys
  A bullfrog zombie (D:4)
  A hound (D:6)
  3 jellies
  Crazy Yiuf (D:2)
  A centaur skeleton (D:4)
  3 iguanas
  Natasha (thrice) (D:2)
  A scorpion zombie (D:4)
  An orc wizard (D:5)
  A hound zombie (D:4)
  A howler monkey zombie (D:4)
  8 adders
  A shadow imp (D:7)
  A white imp (D:6)
  An ufetubus (D:6)
  2 adder skeletons (D:4)
  An adder zombie (D:4)
  A worm (D:2)
  5 dart slugs
  11 orcs
  7 bats
  7 endoplasms
  4 giant cockroaches
  3 goblins
  5 hobgoblins
  3 jackals (D:2)
  2 quokkas (D:3)
  9 ball pythons
  2 frilled lizards
  9 kobolds
  A quokka zombie (D:4)
117 creatures vanquished.

Table legend:
 A = Non-vault XP
 B = Vault XP
 C = Vault XP percentage of total XP
 D = Non-vault monster count
 E = Vault monster count
 F = Vault count percentage of total count
                 A         B        C        D         E       F
            +---------+---------+-------+---------+---------+-------
      Total |    1874 |     604 |  24.4 |      91 |      26 |  22.2
            +---------+---------+-------+---------+---------+-------
        D:1 |      33 |      10 |  23.3 |      16 |       4 |  20.0
        D:2 |     132 |     310 |  70.1 |      16 |       8 |  33.3
        D:3 |      66 |       7 |   9.6 |      14 |       4 |  22.2
        D:4 |     103 |     277 |  72.9 |       6 |      10 |  62.5
        D:5 |     448 |       0 |   0.0 |      16 |       0 |   0.0
        D:6 |    1081 |       0 |   0.0 |      22 |       0 |   0.0
        D:7 |      11 |       0 |   0.0 |       1 |       0 |   0.0
            +---------+---------+-------+---------+---------+-------

Skill      XL: |  1  2  3  4  5  6  7  8 |
---------------+-------------------------+-----
Fighting       | 2 3 4 5 |  5.6
Dodging        | 3 4 5 |  5.9
Unarmed Combat | 4 5 6 |  6.3
Shapeshifting  | 4 5 |  5.5

Action                     |  1- 3 |  4- 6 |  7- 9 || total
---------------------------+-------+-------+-------++-------
  Melee: Unarmed           |    56 |    68 |   139 ||   263
         Constrict         |    16 |    21 |    40 ||    77
         Tentacles         |    10 |    18 |    41 ||    69
         Punch             |     2 |     1 |     6 ||     9
    Use: Scroll            |       |     7 |     2 ||     9
         Potion            |       |       |     1 ||     1
   Stab: Sleeping          |     3 |     7 |     4 ||    14
         Distracted        |       |       |     1 ||     1
 Armour: Skin              |     2 |     3 |     5 ||    10
  Dodge: Dodged            |    28 |    58 |   109 ||   195

Illustrated notes

Table legend:
 A = Kills in this place as a percentage of kills in the entire game.
 B = Kills by you in this place as a percentage of kills by you in the entire game.
 C = Kills by friends in this place as a percentage of kills by friends in the entire game.
 D = Other kills in this place as a percentage of other kills in the entire game.
 E = Experience gained in this place as a percentage of experience gained in the entire game.
 F = Experience gained in this place divided by the number of levels of this place that you have seen.
                   A       B       C       D       E      F
               +-------+-------+-------+-------+-------+----------------------
         Total | 100.0 | 100.0 |   N/A |   N/A | 100.0 | 309.8
       Dungeon | 100.0 | 100.0 |   N/A |   N/A | 100.0 | 354.0
               +-------+-------+-------+-------+-------+----------------------

Table legend: (Time is in decaauts)
 A = Elapsed time spent in this place.
 B = Non-inter-level travel time spent in this place.
 C = Inter-level travel time spent in this place.
 D = Time resting spent in this place.
 E = Time spent auto-exploring this place.
 F = Levels seen in this place.
 G = Mean time per level.
                   A        B        C        D        E       F      G
               +--------+--------+--------+--------+--------+-----+--------+
         Total |   4906 |   4758 |    148 |    152 |   3917 |   8 |  613.2 |
       Dungeon |   4887 |   4739 |    148 |    152 |   3900 |   7 |  698.1 |
        Temple |     18 |     18 |      0 |      0 |     17 |   1 |   18.0 |
               +--------+--------+--------+--------+--------+-----+--------+

Top non-repeatable levels by time:
     D:2: 1207 daAuts
     D:6: 1067 daAuts
     D:3: 805 daAuts
     D:5: 737 daAuts
     D:1: 708 daAuts
     D:4: 309 daAuts
     D:7: 51 daAuts
  Temple: 18 daAuts
